 Dungeon Crawl Stone Soup version 0.23-a0-183-gf37f6fb (webtiles) character file.

307 iamserjio the Ruffian (level 6, -7/51 HPs)
             Began as a Draconian Wanderer on Sept 22, 2018.
             Killed by nerve-wracking pain
             ... invoked by an orc priest
              (14 damage)
             ... on level 4 of the Dungeon.
             The game lasted 00:03:29 (2477 turns).

iamserjio the Ruffian (Draconian Wanderer)          Turns: 2477, Time: 00:03:30

Health: -7/51      AC:  8    Str: 13    XL:     6   Next: 16%
Magic:  6/6        EV: 11    Int: 15    God:
Gold:   151        SH:  0    Dex: 11    Spells: 5/5 levels left

rFire    . . .     SeeInvis .     - Unarmed
rCold    . . .     Gourm    .   (no shield)
rNeg     . . .     Faith    .   (armour unavailable)
rPois    .         Spirit   .   n - +1 hat
rElec    .         Reflect  .   g - +0 cloak
rCorr    .         Harm     .   (no gloves)
MR       .....                  (no boots)
Stlth    +.........             (no amulet)
HPRegen  0.17/turn              (no ring)
MPRegen  0.10/turn              (no ring)

@: no status effects
A: unfitting armour, cold-blooded, AC +6
a: no special abilities


You were on level 4 of the Dungeon.
You were not hungry.

You visited 1 branch of the dungeon, and saw 4 of its levels.

You collected 151 gold pieces.

Inventory:

Hand Weapons
 a - a +2 hand axe
 b - a +0 hand crossbow
 e - a +0 flail
Missiles
 c - 42 bolts
 v - 14 arrows
Armour
 g - a +0 cloak (worn)
 n - a +1 hat (worn)
Jewellery
 p - an uncursed ring of fire {unknown}
Scrolls
 i - a scroll of enchant armour {unknown}
 l - 2 scrolls of enchant weapon {unknown}
 q - a scroll of magic mapping {unknown}
 r - a scroll of amnesia {unknown}
 s - a scroll of remove curse {unknown}
 t - 2 scrolls of teleportation {unknown}
 u - a scroll of identify {unknown}
Potions
 h - 3 potions of flight {unknown}
 j - a potion of berserk rage {unknown}
 k - 3 potions of curing {unknown}
 m - a potion of haste {unknown}
Comestibles
 f - 7 rations


   Skills:
 - Level 3.2 Fighting
 - Level 3.0(3.3) Axes
 - Level 2.0(2.8) Maces & Flails
   Level 1.0 Shields
 * Level 6.1 Unarmed Combat
   Level 1.0 Evocations


You had 5 spell levels left.
You didn't know any spells.
Your spell library was empty.

Dungeon Overview and Level Annotations

Branches:
Dungeon (4/15)
 Temple: D:4-7

Altars:
Trog


Innate Abilities, Weirdness & Mutations

Your plain brown scales are hard. (AC +6)
You cannot fit into any form of body armour.
You are cold-blooded and may be slowed by cold attacks.


Message History

You tail-slap the orc priest, but do no damage.
The orc priest hits you with a hand axe!
You barely miss the orc priest.
The orc priest calls down the wrath of Beogh upon you.
Beogh smites you!
You are too injured to fight recklessly!
You hit the orc priest but do no damage.
The orc priest hits you but does no damage.
You hit the orc priest. The orc priest closely misses you.
You hit the orc priest but do no damage.
You barely miss the orc priest. You punch the orc priest.
The orc priest hits you with a hand axe.
You hit the orc priest.
The orc priest mumbles some strange prayers to Beogh against you.
Beogh smites you!
* * * LOW HITPOINT WARNING * * *
You barely miss the orc priest.
The orc priest mumbles some strange prayers to Beogh against you.
Pain shoots through your body!
You die...

#..........<......#
#............##...#
#........##### ###
#........#
#........#
#........#
#...)....#
#........#
###@###### #o# ..#
####


You could see an orc priest.

Vanquished Creatures
  An orc warrior (D:3)
  A howler monkey (D:3)
  A bullfrog skeleton (D:4)
  An orc priest (D:4)
  A worker ant (D:4)
  A gnoll (D:1)
  2 adders
  A dart slug (D:1)
  6 leopard geckos
  5 orcs
  4 bats (D:1)
  A giant cockroach (D:3)
  8 goblins
  4 hobgoblins
  A quokka (D:2)
  12 frilled lizards
  6 kobolds
  8 rats
64 creatures vanquished.

Vanquished Creatures (others)
  A wizard (D:3)
1 creature vanquished.

Grand Total: 65 creatures vanquished

Notes
Turn   | Place    | Note
-------+----------+-------------------------------------------
     0 | D:1      | iamserjio the Draconian Wanderer began the quest for the
                  | Orb.
     0 | D:1      | iamserjio set off with: a +2 hand axe, a +0 hand crossbow,
                  | 27 bolts, a potion of lignification, a ration
     0 | D:1      | Reached XP level 1. HP: 19/19 MP: 1/1
    53 | D:1      | Reached skill level 1 in Unarmed Combat
    53 | D:1      | Reached XP level 2. HP: 3/26 MP: 2/2
   409 | D:1      | Reached skill level 2 in Unarmed Combat
   976 | D:2      | Reached XP level 3. HP: 31/31 MP: 3/3
  1044 | D:2      | Reached skill level 3 in Unarmed Combat
  1461 | D:3      | Reached skill level 4 in Unarmed Combat
  1461 | D:3      | Reached XP level 4. HP: 31/38 MP: 4/4
  1557 | D:3      | Found a bloodstained altar of Trog.
  1562 | D:3      | Noticed a wizard
  1567 | D:3      | Killed a wizard
  2215 | D:4      | Noticed an orc warrior
  2226 | D:3      | Killed an orc warrior
  2226 | D:3      | Reached skill level 5 in Unarmed Combat
  2226 | D:3      | Reached XP level 5. HP: 45/45 MP: 5/5
  2359 | D:4      | Reached skill level 6 in Unarmed Combat
  2359 | D:4      | Reached XP level 6. HP: 44/51 MP: 6/6
  2477 | D:4      | Killed from afar by an orc priest

Vault maps used:
D:1:      saegor_arrival_miasma, minmay_misc_feat_alley
D:2:      minmay_lizard_king
D:3:      first_ration, trog_wizard
D:4:      cheibriados_altar_1, minmay_temple_entry_statues_fountains,
          uniq_grinder, uniq_blork_the_orc

Skill      XL: |  1  2  3  4  5 |
---------------+----------------+-----
Unarmed Combat | 1 2 4 5 6 |  6.1
Fighting       | |  3.2
Axes           | |  3.0
Maces & Flails | |  2.0
Shields        | |  1.0
Evocations     | |  1.0

Action                   |  1- 3 |  4- 6 || total
-------------------------+-------+-------++-------
Melee: Hand axe          |    96 |    35 ||   131
       Tailslap          |     4 |     6 ||    10
       Punch             |     1 |     1 ||     2
       Unarmed           |       |    50 ||    50
  Use: Potion            |       |     1 ||     1
  Eat: Chunk             |     2 |     3 ||     5
Armor: Skin              |    30 |    24 ||    54
Dodge: Dodged            |    56 |    48 ||   104

Table legend:
 A = Non-vault XP
 B = Vault XP
 C = Vault XP percentage of total XP
 D = Non-vault monster count
 E = Vault monster count
 F = Vault count percentage of total count
                 A         B        C        D         E       F
            +---------+---------+-------+---------+---------+-------
      Total |     427 |      12 |   2.7 |      54 |      10 |  15.6
            +---------+---------+-------+---------+---------+-------
        D:1 |      37 |       0 |   0.0 |      14 |       0 |   0.0
        D:2 |      47 |      12 |  20.3 |      20 |      10 |  33.3
        D:3 |     219 |       0 |   0.0 |      15 |       0 |   0.0
        D:4 |     124 |       0 |   0.0 |       5 |       0 |   0.0
            +---------+---------+-------+---------+---------+-------
